 Dungeon Crawl Stone Soup version 0.24-a0-228-g05560da (webtiles) character file.

Game seed: 12542975326814731901

47 sagitran the Skirmisher (level 3, -3/30 HPs)
             Began as a Demonspawn Abyssal Knight on Apr 1, 2019.
             Was a Follower of Lugonu.
             Slain by an adder (4 damage)
             ... on level 2 of the Dungeon.
             The game lasted 00:03:32 (1158 turns).

sagitran the Skirmisher (Demonspawn Abyssal Knight) Turns: 1158, Time: 00:03:33

Health: -3/30      AC:  3    Str: 13    XL:     3   Next: 48%
Magic:  4/4        EV: 11    Int: 13    God:    Lugonu [*.....]
Gold:   46         SH:  0    Dex: 12    Spells: 2/2 levels left

rFire    . . .     SeeInvis .   a - +1 falchion
rCold    . . .     Gourm    .   (no shield)
rNeg     . . .     Faith    .   b - +0 leather armour
rPois    .         Spirit   .   (helmet restricted)
rElec    .         Reflect  .   (no cloak)
rCorr    .         Harm     .   (no gloves)
MR       .....                  (no boots)
Stlth    +.........             (no amulet)
HPRegen  0.10/turn              (no ring)
MPRegen  0.09/turn              (no ring)

@: no status effects
A: claws 1, horns 1
a: Depart the Abyss, Renounce Religion


You were on level 2 of the Dungeon.
You worshipped Lugonu.
Lugonu was aware of your devotion.
You were not hungry.

You visited 1 branch of the dungeon, and saw 2 of its levels.
You visited the Abyss 1 time.

You collected 46 gold pieces.

Inventory:

Hand Weapons
 a - a +1 falchion (weapon)
Missiles
 h - 8 tomahawks (quivered)
Armour
 b - a +0 leather armour (worn)
Scrolls
 f - 2 scrolls of teleportation {unknown}
 g - 3 scrolls of noise {unknown}
 k - 2 scrolls of remove curse {unknown}
 l - 6 scrolls of identify {unknown}
 m - a scroll of fog {unknown}
Potions
 d - a potion of agility {unknown}
 e - a potion of invisibility {unknown}
 i - a potion of might {unknown}
 j - a potion of berserk rage {unknown}
 n - 2 potions of resistance {unknown}
 o - a potion of degeneration {unknown}
 p - 2 potions of brilliance {unknown}
Comestibles
 c - 3 rations
 q - 3 chunks of flesh


   Skills:
 + Level 3.7 Fighting
 + Level 2.2 Long Blades
 + Level 2.2 Armour
 + Level 1.2 Dodging
 + Level 2.6 Invocations


You had 2 spell levels left.
You didn't know any spells.
Your spell library was empty.

Dungeon Overview and Level Annotations

Branches:
Dungeon (2/15)

Altars:


Innate Abilities, Weirdness & Mutations

You have sharp fingernails.
You have a pair of small horns on your head.


Message History

* * * LOW HITPOINT WARNING * * *
You closely miss the adder.
The adder is moderately wounded.
The adder bites you.
* * * LOW HITPOINT WARNING * * *
The adder bites you but does no damage.
You hit the adder.
The adder is almost dead.
The adder bites you.
* * * LOW HITPOINT WARNING * * *
You barely miss the adder.
The adder is almost dead.
The adder bites you but does no damage. x2
You barely miss the adder. Your headbutt misses the adder.
The adder is almost dead.
The adder barely misses you.
You miss the adder.
The adder is almost dead.
The adder bites you.
You die...

##############.......#
.............÷...♣.>.#
##############.......#
.............##♣.<.♣##
..............##...#
...............#####..
###########........... .
..........#....#.###....
................@†.'....
.#........#.#..#S###....
.#.......(#.#..#.# .
.#.#.####.#.#..#.#
.#.#....#......#.#
.#..........<#.#..
.######.###....[....
...............#####
#######.#####....


You could see an adder.

Vanquished Creatures
  An adder (D:2)
  2 dart slugs (D:1)
  A ball python (D:1)
  A giant cockroach (D:1)
  9 goblins
  5 hobgoblins
  2 jackals (D:1)
  2 kobolds (D:1)
  3 bats (D:1)
  A frilled lizard (D:1)
  2 rats
29 creatures vanquished.

Notes
Turn   | Place    | Note
-------+----------+-------------------------------------------
     0 | Abyss:1  | sagitran the Demonspawn Abyssal Knight began the quest for
                  | the Orb.
     0 | Abyss:1  | Reached XP level 1. HP: 18/18 MP: 2/2
     0 | D:1      | Escaped the Abyss
    92 | D:1      | Reached * piety under Lugonu
   323 | D:1      | Gained mutation: You have a pair of small horns on your
                  | head. [demonic ancestry]
   323 | D:1      | Reached XP level 2. HP: 23/24 MP: 3/3
   375 | D:1      | Reached skill level 1 in Dodging
   846 | D:1      | Gained mutation: You have sharp fingernails. [demonic
                  | ancestry]
   846 | D:1      | Reached XP level 3. HP: 29/30 MP: 4/4
  1155 | D:2      | HP: 1/30 [adder (3)]
  1158 | D:2      | Slain by an adder

Levels and vault maps discovered:
D:1:      tarquinn_simple_flora_water_b, layout_loops_ring
D:2:      layout_basic, chequers_ecumenical_altar_lobes, grunt_ministairs_7
Abyss:1

Skill      XL: |  1  2 |
---------------+-------+-----
Armour         | 2 |  2.2
Dodging        | 1 |  1.2
Long Blades    | 2 |  2.2
Fighting       | |  3.7
Invocations    | |  2.6

Action                   || total
-------------------------++-------
Melee: Falchion          ||    80
       Headbutt          ||    10
Invok: Depart the Abyss  ||     1
  Eat: Chunk             ||     1
Armor: Leather armour    ||    27
Dodge: Dodged            ||    44
       Rpst.: Falchion   ||    15

Table legend:
 A = Non-vault XP
 B = Vault XP
 C = Vault XP percentage of total XP
 D = Non-vault monster count
 E = Vault monster count
 F = Vault count percentage of total count
                 A         B        C        D         E       F
            +---------+---------+-------+---------+---------+-------
      Total |      52 |      16 |  23.5 |      27 |       2 |   6.9
            +---------+---------+-------+---------+---------+-------
        D:1 |      46 |       0 |   0.0 |      23 |       0 |   0.0
        D:2 |       6 |      16 |  72.7 |       4 |       2 |  33.3
            +---------+---------+-------+---------+---------+-------
